 Dungeon Crawl Stone Soup version 0.28-a0-60-g54b5640690 (webtiles) character file.

Game seed: 17944596461051150713

0 popfantom the Caller (level 1, 0/13 HPs)
             Began as a Human Summoner on July 31, 2021.
             Slain by a giant cockroach (2 damage)
             ... on level 1 of the Dungeon.
             The game lasted 00:02:46 (244 turns).

popfantom the Caller (Human Summoner)                Turns: 244, Time: 00:02:47

Health: 0/13       AC:  2    Str:  8    XL:     1   Next: 11%
Magic:  3/3        EV: 12    Int: 15    God:
Gold:   15         SH:  0    Dex: 13    Spells: 3/4 levels left

rFire   . . .      SeeInvis .   (no weapon)
rCold   . . .      Faith    .   (no shield)
rNeg    . . .      Spirit   .   a - +0 robe
rPois   .          Reflect  .   (no helmet)
rElec   .          Harm     .   (no cloak)
rCorr   .          Rampage  .   (no gloves)
Will    .....                   (no boots)
Stlth   ++........              b - amulet of magic regeneration
HPRegen 0.04/turn               (no ring)
MPRegen 0.33/turn               (no ring)

@: no status effects
A: no striking features
a: no special abilities


You were on level 1 of the Dungeon.
You visited 1 branch of the dungeon, and saw 1 of its levels.

You collected 15 gold pieces.

Inventory:

Armour
 a - a +0 robe (worn)
Jewellery
 b - an amulet of magic regeneration (around neck)


   Skills:
 + Level 2.0 Dodging
 + Level 2.0 Stealth
 + Level 2.0 Spellcasting
 + Level 4.0 Summonings


You had 3 spell levels left.
You knew the following spells:

 Your Spells              Type           Power      Damage    Failure   Level
a - Summon Small Mammal   Summ           52%        N/A       4%          1

Your spell library contained the following spells:

 Spells                   Type           Power      Damage    Failure   Level
 Call Imp                 Summ           13%        N/A       6%          2
 Call Canine Familiar     Summ           13%        N/A       13%         3
 Summon Guardian Golem    Hex/Summ       7%         N/A       28%         3
 Summon Lightning Spire   Summ/Air       7%         N/A       67%         4


Dungeon Overview and Level Annotations

Branches:
Dungeon (1/15)

Altars:


Message History

You swap places.
The bat hits you.
Your bat closely misses the bat.
The bat hits your bat but does no damage.
Your bat hits the bat. The bat hits you. The bat closely misses you.
The bat completely misses you.
You barely miss the bat.
The bat is moderately wounded.
The bat hits you but does no damage.
Your bat hits the bat. The bat hits you.
Your bat barely misses the bat.
The ball python completely misses you. The ball python closely misses you.
The bat misses your bat. The ball python bites you.
* * * LOW HITPOINT WARNING * * *
The ball python grabs you. The ball python constricts you.
You escape the ball python's grasp.
The bat closely misses you. x2
Your bat barely misses the bat.
The bat misses your bat.
A giant cockroach comes into view.
Your bat misses the bat. The bat hits you but does no damage.
A kobold comes into view. It is wielding a +0 club.
The bat hits you.
* * * LOW HITPOINT WARNING * * *
Your bat misses the bat.
The ball python bites you but does no damage.
The ball python grabs you. The ball python constricts you.
You escape the ball python's grasp.
The kobold shouts!
You hear a shout!
Your bat hits the bat.
The bat hits your bat but does no damage.
Your bat completely misses the bat.
Your bat hits the ball python.
An endoplasm comes into view.
A dart slug comes into view.
A hobgoblin comes into view.
Your bat completely misses the bat.
The bat misses your bat.
Found a stone staircase leading down.
An endoplasm comes into view.
Your bat hits the bat.
The bat hits your bat but does no damage.
You barely miss the giant cockroach. The bat closely misses your bat.
Your bat closely misses the bat.
The giant cockroach bites you but does no damage.
The endoplasm quivers.
Something hits your bat. The giant cockroach bites you.
You die...

#...# #.#
#.#.####.#
####........#
h..........#####
..###.###..##
.... #b..#
#.....#.#S#
.....>.KBB.#
..#.....#..@#
..#..wK.#...#
##J# #g... ...
...#..# ##
.J..#..#
#J...##.. #....
.. #... ...


You could see 2 endoplasms, 2 giant cockroaches, a hobgoblin, a ball python, a
kobold and a friendly bat (summoned).

Vanquished Creatures
  A bat (D:1)
1 creature vanquished.

Notes
Turn   | Place    | Note
-------+----------+-------------------------------------------
     0 | D:1      | popfantom the Human Summoner began the quest for the Orb.
     0 | D:1      | Reached XP level 1. HP: 13/13 MP: 3/3
   244 | D:1      | Slain by a giant cockroach

Illustrated notes

Levels and vault maps discovered:
D:1:      dpeg_arrival_houses_and_road, layout_basic, st_stairs_3

Action                   || total
-------------------------++-------
Melee: Unarmed           ||    19
 Cast: Summon Small Mamm ||     4
Armor: Robe              ||    24
Dodge: Dodged            ||    40

Table legend: (Time is in decaauts)
 A = Elapsed time spent in this place.
 B = Non-inter-level travel time spent in this place.
 C = Inter-level travel time spent in this place.
 D = Time resting spent in this place.
 E = Time spent auto-exploring this place.
 F = Levels seen in this place.
 G = Mean time per level.
                   A        B        C        D        E       F      G
               +--------+--------+--------+--------+--------+-----+--------+
         Total |    244 |    229 |     15 |    110 |      0 |   1 |  244.0 |
       Dungeon |    244 |    229 |     15 |    110 |      0 |   1 |  244.0 |
               +--------+--------+--------+--------+--------+-----+--------+

Top non-repeatable levels by time:
     D:1: 244 daAuts
